 Dungeon Crawl Stone Soup version 0.17-a0-1714-g35622ae (webtiles) character file.

66 kae the Slasher (level 3, -5/31 HPs)
             Began as a Minotaur Fighter on Aug 23, 2015.
             Slain by a gnoll
             ... wielding a +0 spear
              (6 damage)
             ... on level 2 of the Dungeon.
             The game lasted 00:01:25 (1028 turns).

kae the Slasher (Minotaur Fighter)                  Turns: 1028, Time: 00:01:25

Health: -5/31      AC:  6    Str: 25    XL:     3   Next: 96%
Magic:  11/11      EV:  7    Int: 10    God:
Gold:   70         SH:  9    Dex:  9    Spells: 0 memorised, 2 levels left

rFire  . . .     SeeInvis .     a - +0 long sword
rCold  . . .     Clarity  .     b - +0 scale mail
rNeg   . . .     SustAt   .     c - +0 shield
rPois  .         Gourm    .     (helmet restricted)
rElec  .         Spirit   .     (no cloak)
rCorr  .         Warding  .     (no gloves)
rMut   .         Stasis   .     (no boots)
MR     .....                    (no amulet)
Stlth  ..........               p - +4 ring of intelligence
                                n - ring of magical power

@: mighty, not resistant to hostile enchantments, extremely unstealthy
A: retaliatory headbutt, horns 2
a: no special abilities


You were on level 2 of the Dungeon.
You were hungry.

You visited 1 branch of the dungeon, and saw 2 of its levels.

You collected 70 gold pieces.

Inventory:

Hand weapons
 a - a +0 long sword (weapon)
Missiles
 k - a throwing net (quivered)
Armour
 b - a +0 scale mail (worn)
 c - a +0 shield (worn)
Jewellery
 n - a ring of magical power (left hand)
 p - a +4 ring of intelligence (right hand)
Scrolls
 g - 3 scrolls of remove curse {unknown}
 h - a scroll of noise {unknown}
 i - 3 scrolls of random uselessness {unknown}
 j - a scroll of amnesia {unknown}
 l - 2 scrolls of teleportation {unknown}
 m - a scroll of enchant armour {unknown}
 o - 3 scrolls of identify {unknown}
 q - a scroll of magic mapping {unknown}
Potions
 f - a potion of invisibility {unknown}
 r - a potion of resistance {unknown}
 s - a potion of cancellation {unknown}
Comestibles
 e - a bread ration


   Skills:
 - Level 3.6 Fighting
 + Level 5.2 Long Blades
 - Level 3.6 Armour
 - Level 3.6 Shields


You had 2 spell levels left.
You didn't know any spells.

Dungeon Overview and Level Annotations

Branches:
Dungeon (2/15)

Altars:
Trog


Innate Abilities, Weirdness & Mutations

You reflexively headbutt those who attack you in melee.
You have a pair of horns on your head.


Message History

There are monsters nearby!
You hit the gnoll. You headbutt the gnoll.
The gnoll is almost dead.
You block the gnoll's attack. The gnoll hits you.
* * * LOW HITPOINT WARNING * * *
The gnoll barely misses you.
You are too injured to fight recklessly!
There are monsters nearby!
You are too injured to fight recklessly!
You are too injured to fight recklessly!
You are too injured to fight recklessly!
You are too injured to fight recklessly!
You block the gnoll's attack.
Drink which item? (? for menu, Esc to quit)
You feel very mighty all of a sudden.
The gnoll hits you from afar with a spear!
* * * LOW HITPOINT WARNING * * *
You block the gnoll's attack.
The gnoll hits you from afar with a spear.
You die...

# #.### ##### ####.#.. ...#
##....#.# ###.##### ...#....#
#.....>.# #......###.#.###.#
#..gg@..#.# #.# #..#g#####.#
#.# # #.# #.# #.###.##### # #
#.#####.##......# #
##+#.............#.# ##
##...#######.#..#.#.# .#####
##.....## #.#..#.#.# .....#
##.......## #......#.#
.....###.........####...##.#.#


You could see 3 gnolls.

Vanquished Creatures
  A gnoll (D:1)
  An adder (D:2)
  A worm (D:2)
  A ball python (D:1)
  4 bats (D:1)
  4 giant cockroaches
  3 goblins
  3 hobgoblins
  7 jackals
  2 quokkas (D:2)
  3 giant newts
  5 kobolds (D:1)
  7 rats
42 creatures vanquished.

Notes
Turn   | Place    | Note
--------------------------------------------------------------
     0 | D:1      | kae the Minotaur Fighter began the quest for the Orb.
     0 | D:1      | Reached XP level 1. HP: 19/19 MP: 0/0
   187 | D:1      | Reached XP level 2. HP: 23/26 MP: 1/1
   292 | D:1      | Reached skill level 4 in Long Blades
   425 | D:1      | Reached XP level 3. HP: 28/31 MP: 2/2
   881 | D:2      | Reached skill level 5 in Long Blades
   926 | D:2      | Found a bloodstained altar of Trog.
  1028 | D:2      | HP: 1/31 [gnoll/spear (7)]
  1028 | D:2      | Slain by a gnoll

Vault maps used:
D:1:      ncdulo_watergridlock, minmay_box_of_dots
D:2:      bloody_trog

Action                   || total
-------------------------++-------
Melee: Long sword        ||   104
  Use: Potion            ||     1
